 Dungeon Crawl Stone Soup version 0.29-a0-598-gd8304a5bf4 (webtiles) character file.

Game seed: 9838252380953013630

493 spaghetti the Fighter (level 7, -8/63 HPs)
             Began as a Gnoll Wanderer on June 15, 2022.
             Killed from afar by an orc wizard (10 damage)
             ... with a magic dart
             ... on level 4 of the Dungeon.
             The game lasted 00:06:04 (3805 turns).

spaghetti the Fighter (Gnoll Wanderer)              Turns: 3805, Time: 00:06:05

Health: -8/63      AC:  4    Str: 15    XL:     7   Next: 15%
Magic:  10/10      EV:  9    Int: 14    God:
Gold:   127        SH:  0    Dex: 13    Spells: 10/10 levels left

rFire   . . .      SeeInvis .   n - +1 demon whip (elec) {forbiddenmace}
rCold   . . .      Faith    .   (no shield)
rNeg    + . .      Spirit   .   d - +0 leather armour
rPois   .          Reflect  .   k - +0 helmet
rElec   .          Harm     .   (no cloak)
rCorr   .          Rampage  .   (no gloves)
Will    .....                   (no boots)
Stlth   ++........              m - amulet of the acrobat
HPRegen 0.20/turn               g - ring of positive energy
MPRegen 0.12/turn               l - +6 ring of intelligence

@: about to teleport, attractive, constricted
A: fangs 1, strong nose, distributed training
a: no special abilities


You were on level 4 of the Dungeon.
You visited 1 branch of the dungeon, and saw 4 of its levels.

You collected 127 gold pieces.


Innate Abilities, Weirdness & Mutations

You have very sharp teeth.
Your uncanny sense of smell can sniff out nearby items.
Your experience applies equally to all skills.


   Skills:
 + Level 8.8 Fighting
 + Level 7.0 Short Blades
 + Level 5.1 Long Blades
 + Level 2.3 Axes
 + Level 2.3 Maces & Flails
 + Level 2.3 Polearms
 + Level 2.3 Staves
 + Level 2.3 Slings
 + Level 2.3 Bows
 + Level 2.3 Crossbows
 + Level 3.5 Throwing
 + Level 2.3 Armour
 + Level 2.3 Dodging
 + Level 2.3 Stealth
 + Level 2.3 Shields
 + Level 2.3 Unarmed Combat
 + Level 2.3 Spellcasting
 + Level 1.8 Conjurations
 + Level 1.8 Hexes
 + Level 1.8 Summonings
 + Level 1.8 Necromancy
 + Level 1.8 Translocations
 + Level 1.8 Transmutations
 + Level 1.8 Fire Magic
 + Level 1.8 Ice Magic
 + Level 1.8 Air Magic
 + Level 1.8 Earth Magic
 + Level 1.8 Poison Magic
 + Level 2.5 Invocations
 + Level 2.3 Evocations


You had 10 spell levels left.
You didn't know any spells.
Your spell library contained the following spells:

 Spells                   Type           Power      Damage    Failure   Level
 Inner Flame              Hex/Fire       6%         N/A       36%         3
 Cause Fear               Hex            3%         N/A       78%         4
 Discord                  Hex            3%         N/A       100%        8

Inventory:

Hand Weapons
 a - a +3 short sword {short}
 b - a +0 falchion {long}
 n - a +1 demon whip of electrocution (weapon) {forbiddenmace}
   (You found it on level 1 of the Dungeon)
Missiles
 f - 75 stones (quivered) {throwing}
 p - 2 curare-tipped darts {=fthrowing}
 u - 3 poisoned darts {throwing}
Armour
 d - a +0 leather armour (worn)
 k - a +0 helmet (worn)
   (You found it on level 1 of the Dungeon)
Jewellery
 g - a ring of positive energy (left hand)
   (You found it on level 1 of the Dungeon)
 h - an amulet of magic regeneration {@e2}
   (You found it on level 2 of the Dungeon)
 l - a +6 ring of intelligence (right hand)
   (You found it on level 4 of the Dungeon)
 m - an amulet of the acrobat (around neck)
   (You found it on level 1 of the Dungeon)
 s - a ring of willpower
   (You found it on level 3 of the Dungeon)
Wands
 c - a wand of light (5)
   (You took it off a kobold on level 3 of the Dungeon)
Scrolls
 e - 3 scrolls of teleportation {@r4}
 i - 5 scrolls of enchant armour
 j - 3 scrolls of immolation {!r!r}
 o - a scroll of amnesia
Potions
 r - a potion of brilliance
 v - 2 potions of degeneration {!q@e2}

Dungeon Overview and Level Annotations

Branches:
Dungeon (4/15) Zot: 20209
 Temple: D:4-7

Altars:
Elyvilon

Shops:
D:2

(
#....#.....#.##.....
#.##.#.#...#.##....†
#.##...###.#.##.####
#.###### #.#........
#.# #...#.#####
##'#### ###)#.#
#.....# #.#.#
#...oo#######.#.#
#...@{'.......#.#
#..)oS#########..
##'##'# ... ∆ ...#
.. ##### ..^ ∆ ....
##... ...#


You could see an orc wizard, 2 orcs and a ball python.


Message History

The orc wizard hits you with a +0 dagger.
* * * LOW HITPOINT WARNING * * *
Something completely misses you.
The ball python bites you but does no damage.
The ball python constricts you.
* * * LOW HITPOINT WARNING * * *
The orc is attracted toward you.
Your Short Blades skill increases to level 7!
You have reached level 7! 😨 HP[+1] MP[+1]
You now have 63 max hp (+6).
Your mp is fully restored (10).
You barely miss the orc wizard.
The orc seems to regain its courage.
The ball python bites you.
* * * LOW HITPOINT WARNING * * *
The ball python constricts you. The orc wizard barely misses you.
The orc barely misses you. The orc hits you with a +0 club.
* * * LOW HITPOINT WARNING * * *
You hear some strange, mumbled words.
Something tries to affect you, but you resist. 😨 HP[-2]
You take 2 damage, and now have 23/63 hp.
You completely miss the orc wizard. The ball python barely misses you.
The ball python constricts you.
* * * LOW HITPOINT WARNING * * *
The orc wizard hits you but does no damage.
The orc hits you with a +0 club.
* * * LOW HITPOINT WARNING * * *
The orc hits you but does no damage.
You hear some strange, mumbled words.
A puff of flame appears from out of thin air!
The puff of flame hits you.
* * * LOW HITPOINT WARNING * * *
😨 HP[-5]
You take 5 damage, and now have 18/63 hp.
You closely miss the orc wizard. The ball python bites you.
* * * LOW HITPOINT WARNING * * *
The ball python constricts you. The orc wizard closely misses you.
The orc hits you with a +0 club.
* * * LOW HITPOINT WARNING * * *
The orc barely misses you.
You hear some strange, mumbled words.
A magic dart appears from out of thin air!
The magic dart hits you.
* * * LOW HITPOINT WARNING * * *
😱 HP[-6]
You take 6 damage, and now have 12/63 hp.
You whack the orc wizard! The ball python barely misses you.
The ball python constricts you. The orc wizard barely misses you.
The orc barely misses you. The orc hits you with a +0 club.
* * * LOW HITPOINT WARNING * * *
Something hits you but does no damage. The ball python bites you.
* * * LOW HITPOINT WARNING * * *
The ball python constricts you. 😱 HP[-1]
You take 1 damage, and now have 11/63 hp.
Unknown command.
Unknown command.
You closely miss the orc wizard. You bite the orc wizard.
The orc wizard hits you with a +0 dagger.
* * * LOW HITPOINT WARNING * * *
The orc hits you with a +0 club.
* * * LOW HITPOINT WARNING * * *
The orc closely misses you. Something hits you.
* * * LOW HITPOINT WARNING * * *
The ball python bites you.
* * * LOW HITPOINT WARNING * * *
The ball python constricts you. 😱 HP[-9]
You take 9 damage, and now have 2/63 hp.
Unknown command.
You feel better.
The ball python bites you but does no damage.
The ball python constricts you.
The orc wizard hits you with a +0 dagger.
* * * LOW HITPOINT WARNING * * *
The orc hits you with a +0 club.
* * * LOW HITPOINT WARNING * * *
The orc barely misses you. Something hits you.
* * * LOW HITPOINT WARNING * * *
😱 HP[+4]
You regained 4 hp, and now have 6/63 hp.
Unknown command.
Unknown command.
You completely miss the orc wizard. The ball python closely misses you.
The ball python constricts you. Something completely misses you.
The orc wizard hits you with a +0 dagger.
* * * LOW HITPOINT WARNING * * *
The orc barely misses you. The orc hits you with a +0 club.
* * * LOW HITPOINT WARNING * * *
😱 HP[-3]
You take 3 damage, and now have 3/63 hp.
Okay, then.
As you read the scroll of teleportation {@r4}, it crumbles to dust.
You feel strangely unstable. The ball python bites you.
* * * LOW HITPOINT WARNING * * *
The ball python constricts you.
The orc wizard gestures at you while chanting.
The magic dart hits you!
You die...

Skill      XL: |  1  2  3  4  5  6 |
---------------+-------------------+-----
Invocations    | 1 2 |  2.5
Axes           | 1 2 |  2.3
Maces & Flails | 1 2 |  2.3
Polearms       | 1 2 |  2.3
Staves         | 1 2 |  2.3
Slings         | 1 2 |  2.3
Bows           | 1 2 |  2.3
Crossbows      | 1 2 |  2.3
Armour         | 1 2 |  2.3
Dodging        | 1 2 |  2.3
Stealth        | 1 2 |  2.3
Shields        | 1 2 |  2.3
Unarmed Combat | 1 2 |  2.3
Spellcasting   | 1 2 |  2.3
Evocations     | 1 2 |  2.3
Throwing       | 3 |  3.5
Conjurations   | 1 |  1.8
Hexes          | 1 |  1.8
Summonings     | 1 |  1.8
Necromancy     | 1 |  1.8
Translocations | 1 |  1.8
Transmutations | 1 |  1.8
Fire Magic     | 1 |  1.8
Ice Magic      | 1 |  1.8
Air Magic      | 1 |  1.8
Earth Magic    | 1 |  1.8
Poison Magic   | 1 |  1.8
Long Blades    | 5 |  5.1
Short Blades   | 7 |  7.0
Fighting       | |  8.8

Action                   |  1- 3 |  4- 6 |  7- 9 || total
-------------------------+-------+-------+-------++-------
Melee: Short sword       |    70 |       |       ||    70
       Bite              |     5 |    13 |     1 ||    19
       Demon whip        |    32 |   141 |     6 ||   179
       Punch             |     1 |     1 |       ||     2
Throw: Stone             |     2 |    13 |       ||    15
Invok: Renounce Religion |     1 |       |       ||     1
  Use: Scroll            |     1 |    13 |     1 ||    15
       Potion            |       |     5 |     1 ||     6
 Stab: Sleeping          |     1 |     4 |       ||     5
       Fleeing           |       |     3 |       ||     3
       Distracted        |       |     1 |       ||     1
Armor: Leather armour    |    26 |    46 |     4 ||    76
Dodge: Dodged            |    54 |    96 |    13 ||   163

Levels and vault maps discovered:
D:1:      matt_arrival_diagonals, layout_loops_corners,
          hellmonk_ecumenical_altar_heavens_door
D:2:      layout_basic, serial_shops, shop, uniq_sigmund
D:3:      layout_basic, serial_co_window_serial, co_window_paths_a,
          co_window_cross_1, co_window_of_opportunity_a, co_window_corner_a,
          co_window_of_opportunity_a, co_window_unsneaky_path_a,
          co_window_corner_b, co_window_cross_2, co_window_unsneaky_path_c,
          co_window_corner_b, minmay_misc_feat_x
D:4:      layout_basic, lightli_corner_chamber

Notes
Turn   | Place    | Note
-------+----------+-------------------------------------------
     0 | D:1      | spaghetti the Gnoll Wanderer began the quest for the Orb.
     0 | D:1      | spaghetti set off with the following items: a +3 short
                  | sword {short}, a +0 falchion {long}, a scroll of summoning,
                  | a +0 leather armour.
     0 | D:1      | Reached XP level 1. HP: 26/26 MP: 1/1
     0 | D:1      | magus.rc [v1.9.6]
   193 | D:1      | Reached XP level 2. HP: 31/33 MP: 2/2
   468 | D:1      | Found a faded altar of an unknown god.
   670 | D:1      | Prayed at the altar of an unknown god.
   670 | D:1      | Became a worshipper of Elyvilon the Healer
   670 | D:1      | Reached * piety under Elyvilon
   946 | D:1      | Reached XP level 3. HP: 34/38 MP: 3/3
  1113 | D:1      | Fell from the grace of Elyvilon
  1281 | D:2      | Reached skill level 1 in Invocations
  1318 | D:2      | Found Fecrink's Weapon Emporium.
  1460 | D:2      | Reached skill level 1 in Axes
  1460 | D:2      | Reached skill level 1 in Maces & Flails
  1460 | D:2      | Reached skill level 1 in Polearms
  1460 | D:2      | Reached skill level 1 in Staves
  1460 | D:2      | Reached skill level 1 in Slings
  1460 | D:2      | Reached skill level 1 in Bows
  1460 | D:2      | Reached skill level 1 in Crossbows
  1460 | D:2      | Reached skill level 1 in Armour
  1460 | D:2      | Reached skill level 1 in Dodging
  1460 | D:2      | Reached skill level 1 in Stealth
  1460 | D:2      | Reached skill level 1 in Shields
  1460 | D:2      | Reached skill level 1 in Unarmed Combat
  1460 | D:2      | Reached skill level 1 in Spellcasting
  1460 | D:2      | Reached skill level 1 in Evocations
  1460 | D:2      | Reached XP level 4. HP: 43/45 MP: 5/5
  1702 | D:2      | Noticed Sigmund
  1742 | D:2      | Killed Sigmund
  1743 | D:2      | Reached skill level 3 in Throwing
  1743 | D:2      | Reached skill level 1 in Conjurations
  1743 | D:2      | Reached skill level 1 in Hexes
  1743 | D:2      | Reached skill level 1 in Summonings
  1743 | D:2      | Reached skill level 1 in Necromancy
  1743 | D:2      | Reached skill level 1 in Translocations
  1743 | D:2      | Reached skill level 1 in Transmutations
  1743 | D:2      | Reached skill level 1 in Fire Magic
  1743 | D:2      | Reached skill level 1 in Ice Magic
  1743 | D:2      | Reached skill level 1 in Air Magic
  1743 | D:2      | Reached skill level 1 in Earth Magic
  1743 | D:2      | Reached skill level 1 in Poison Magic
  1743 | D:2      | Reached skill level 2 in Invocations
  1743 | D:2      | Reached XP level 5. HP: 36/51 MP: 5/7
  1743 | D:2      | Reached XP level 6. HP: 40/57 MP: 5/8
  2046 | D:2      | You pick up a book of Hexes and begin reading...
  2046 | D:2      | You add the spells Inner Flame, Cause Fear and Discord to
                  | your library.
  3118 | D:3      | Reached skill level 5 in Long Blades
  3622 | D:4      | Reached skill level 2 in Axes
  3622 | D:4      | Reached skill level 2 in Maces & Flails
  3622 | D:4      | Reached skill level 2 in Polearms
  3622 | D:4      | Reached skill level 2 in Staves
  3622 | D:4      | Reached skill level 2 in Slings
  3622 | D:4      | Reached skill level 2 in Bows
  3622 | D:4      | Reached skill level 2 in Crossbows
  3622 | D:4      | Reached skill level 2 in Armour
  3622 | D:4      | Reached skill level 2 in Dodging
  3622 | D:4      | Reached skill level 2 in Stealth
  3622 | D:4      | Reached skill level 2 in Shields
  3622 | D:4      | Reached skill level 2 in Unarmed Combat
  3622 | D:4      | Reached skill level 2 in Spellcasting
  3622 | D:4      | Reached skill level 2 in Evocations
  3783 | D:4      | Noticed an orc warrior
  3797 | D:4      | Killed an orc warrior
  3798 | D:4      | Reached skill level 7 in Short Blades
  3798 | D:4      | Reached XP level 7. HP: 25/63 MP: 10/10
  3800 | D:4      | HP: 12/63 [something/magic dart (4)]
  3802 | D:4      | HP: 3/63 [something (3)]
  3805 | D:4      | Killed from afar by an orc wizard

Vanquished Creatures
  Sigmund (D:2)
  An orc warrior (D:4)
  An orc priest (D:4)
  A hound (D:4)
  An iguana (D:4)
  7 adders
  A shadow imp (D:4)
  3 dart slugs
  2 orcs (D:3)
  9 ball pythons
  5 endoplasms
  4 giant cockroaches
  7 goblins
  5 hobgoblins
  11 jackals
  7 kobolds
  3 quokkas
  5 bats
  3 frilled lizards
  6 rats
83 creatures vanquished.

Vanquished Creatures (collateral kills)
  An endoplasm (D:3)
  A kobold (D:3)
2 creatures vanquished.

Grand Total: 85 creatures vanquished

Table legend:
 A = Non-vault XP
 B = Vault XP
 C = Vault XP percentage of total XP
 D = Non-vault monster count
 E = Vault monster count
 F = Vault count percentage of total count
                 A         B        C        D         E       F
            +---------+---------+-------+---------+---------+-------
      Total |     491 |     214 |  30.4 |      84 |       1 |   1.2
            +---------+---------+-------+---------+---------+-------
        D:1 |      48 |       0 |   0.0 |      27 |       0 |   0.0
        D:2 |      89 |     214 |  70.6 |      19 |       1 |   5.0
        D:3 |      75 |       0 |   0.0 |      28 |       0 |   0.0
        D:4 |     279 |       0 |   0.0 |      10 |       0 |   0.0
            +---------+---------+-------+---------+---------+-------

Illustrated notes

Table legend:
 A = Kills in this place as a percentage of kills in entire the game.
 B = Kills by you in this place as a percentage of kills by you in the entire game.
 C = Kills by friends in this place as a percentage of kills by friends in the entire game.
 D = Other kills in this place as a percentage of other kills in the entire game.
 E = Experience gained in this place as a percentage of experience gained in the entire game.
 F = Experience gained in this place divided by the number of levels of this place that you have seen.
                   A       B       C       D       E      F
               +-------+-------+-------+-------+-------+----------------------
         Total | 100.0 | 100.0 | 100.0 |   N/A | 100.0 | 176.2
       Dungeon | 100.0 | 100.0 | 100.0 |   N/A | 100.0 | 176.2
               +-------+-------+-------+-------+-------+----------------------

Table legend: (Time is in decaauts)
 A = Elapsed time spent in this place.
 B = Non-inter-level travel time spent in this place.
 C = Inter-level travel time spent in this place.
 D = Time resting spent in this place.
 E = Time spent auto-exploring this place.
 F = Levels seen in this place.
 G = Mean time per level.
                   A        B        C        D        E       F      G
               +--------+--------+--------+--------+--------+-----+--------+
         Total |   3789 |   3672 |    117 |      0 |   3039 |   4 |  947.2 |
       Dungeon |   3789 |   3672 |    117 |      0 |   3039 |   4 |  947.2 |
               +--------+--------+--------+--------+--------+-----+--------+

Top non-repeatable levels by time:
     D:3: 1486 daAuts
     D:1: 1200 daAuts
     D:2: 870 daAuts
     D:4: 233 daAuts
